 Dungeon Crawl Stone Soup version 0.23.0 (webtiles) character file.

Game seed: 7546600633225720242

312 vishdafish the Chucker (level 6, 0/59 HPs)
             Began as a Troll Arcane Marksman on Feb 16, 2019.
             Succumbed to an adder's poison
             ... on level 4 of the Dungeon.
             The game lasted 00:05:04 (2787 turns).

vishdafish the Chucker (Troll Arcane Marksman)      Turns: 2787, Time: 00:05:05

Health: 0/59       AC:  6    Str: 20 (21) XL:     6   Next: 18%
Magic:  6/6        EV:  9    Int:  8 (11) God:
Gold:   200        SH:  0    Dex:  7 (10) Spells: 6/7 levels left

rFire    . . .     SeeInvis .   (no weapon)
rCold    . . .     Gourm    +   (no shield)
rNeg     . . .     Faith    .   a - +0 robe
rPois    .         Spirit   .   (helmet restricted)
rElec    .         Reflect  .   (no cloak)
rCorr    .         Harm     .   (gloves unavailable)
MR       .....                  (boots unavailable)
Stlth    +.........             (no amulet)
HPRegen  0.59/turn              r - +2 ring of strength
MPRegen  0.10/turn              (no ring)

@: lethally poisoned (0 -> -1)
A: large, unfitting armour, claws 3, fast metabolism 3, gourmand, regeneration
1, shaggy fur 1, tough skin 3
a: no special abilities


You were on level 4 of the Dungeon.
You were very hungry.

You visited 2 branches of the dungeon, and saw 5 of its levels.

You collected 200 gold pieces.

Inventory:

Hand Weapons
 n - a +0 club
Missiles
 t - a tomahawk (quivered)
Armour
 a - a +0 robe (worn)
Jewellery
 r - a +2 ring of strength (left claw)
 s - an uncursed amulet of rage {unknown}
Scrolls
 b - 2 scrolls of magic mapping {unknown}
 e - 2 scrolls of immolation {unknown}
 h - a scroll of random uselessness {unknown}
 i - 2 scrolls of identify {unknown}
 j - 2 scrolls of enchant weapon {unknown}
 l - a scroll of fear {unknown}
 m - 5 scrolls of teleportation {unknown}
 q - 2 scrolls of enchant armour {unknown}
 u - 3 scrolls of remove curse {unknown}
Potions
 g - a potion of agility {unknown}
 k - 2 potions of mutation {unknown}
 o - a potion of heal wounds {unknown}
 p - 4 potions of curing {unknown}
 v - a potion of resistance {unknown}
Comestibles
 f - 7 rations


   Skills:
 + Level 2.6 Fighting
 * Level 3.1 Maces & Flails
 + Level 3.9 Throwing
 - Level 1.5 Dodging
 - Level 1.0 Spellcasting
 - Level 2.0 Hexes


You had 6 spell levels left.
You knew the following spells:

 Your Spells              Type           Power        Failure   Level  Hunger
a - Corona                Hex            #......      17%         1    ##.....

Your spell library contained the following spells:

 Spells                   Type           Power        Failure   Level  Hunger
 Slow                     Hex            #.......     26%         2    ###....
 Inner Flame              Hex/Fire       #.......     61%         3    ####...
 Portal Projectile        Hex/Tloc       #.....       61%         3    ####...
 Cause Fear               Hex            #.........   86%         4    #####..
 Leda's Liquefaction      Hex/Erth       #.........   95%         4    #####..


Dungeon Overview and Level Annotations

Branches:
Dungeon (4/15)             Temple (1/1) D:4

Altars:
Ashenzari
Elyvilon
Fedhas
Makhleb
Nemelex Xobeh
Qazlal
Ru
Sif Muna
Trog
Vehumet
Wu Jian
Xom
Yredelemnul


Innate Abilities, Weirdness & Mutations

You are too large for most types of armour.
You have claws for hands.
Your metabolism is lightning-fast.
You like to eat raw meat.
Your natural rate of healing is unusually fast.
You are covered in fur. (AC +1)
You have extremely tough skin. (AC +3)


Message History

Press: ? - help, Shift-Dir - straight line, f/p - ogre
Aim: an ogre, wielding a +0 giant spiked club (heavily wounded)
You throw a tomahawk.
The tomahawk hits the ogre but does no damage.
The ogre is heavily wounded.
You feel sick. The adder bites you but does no damage.
Throwing (i - inventory)
t - 2 tomahawks (quivered)
Press: ? - help, Shift-Dir - straight line, f/p - ogre
Aim: an ogre, wielding a +0 giant spiked club (heavily wounded)
You throw a tomahawk. The tomahawk hits the ogre!
The ogre is almost dead.
You feel sick. The adder bites you but does no damage.
The ogre hits you with a +0 giant spiked club!!
* * * LOW HITPOINT WARNING * * *
The adder bites you.
* * * LOW HITPOINT WARNING * * *
It was a potion of degeneration.
There was something very wrong with that liquid.
You feel weakened.
You feel dopey.
You feel clumsy.
You die...

#...........#
#...........#
#...##..##..#
##..##'######
#..#..†....# .
#..##......#
#..##..##......#
........#O.....#
.(......(S@....#
################


You could see an ogre and an adder.

Vanquished Creatures
  An ogre (D:4)
  2 orc priests (D:3)
  A hound (D:4)
  An orc wizard (D:3)
  An adder (D:2)
  3 oozes
  A worm (D:4)
  A dart slug (D:1)
  3 leopard geckos
  5 orcs (D:3)
  12 bats
  4 giant cockroaches
  8 goblins
  5 hobgoblins
  4 jackals
  10 kobolds
  4 quokkas
  3 frilled lizards (D:1)
  5 rats
74 creatures vanquished.

Notes
Turn   | Place    | Note
-------+----------+-------------------------------------------
     0 | D:1      | vishdafish the Troll Arcane Marksman began the quest for
                  | the Orb.
     0 | D:1      | Reached XP level 1. HP: 18/18 MP: 1/1
    19 | D:1      | Reached skill level 1 in Fighting
    33 | D:1      | Reached XP level 2. HP: 27/27 MP: 2/2
    73 | D:1      | Found a sparkling altar of Nemelex Xobeh.
   605 | D:1      | Reached XP level 3. HP: 31/33 MP: 3/3
  1103 | D:2      | Found a blossoming altar of Fedhas.
  1303 | D:2      | Reached XP level 4. HP: 42/42 MP: 4/4
  1510 | D:3      | Found a shattered altar of Ashenzari.
  1597 | D:3      | Reached skill level 1 in Maces & Flails
  1609 | D:3      | Reached XP level 5. HP: 18/49 MP: 5/5
  2356 | D:4      | Noticed an ogre
  2361 | D:4      | Noticed an ogre
  2362 | D:4      | Killed an ogre
  2362 | D:4      | Reached XP level 6. HP: 57/59 MP: 6/6
  2464 | D:4      | Found a stormy altar of Qazlal.
  2495 | D:4      | Found a staircase to the Ecumenical Temple.
  2531 | Temple   | Entered the Ecumenical Temple
  2786 | D:4      | HP: 2/59 [ogre/+0 giant spiked club (20)]
  2787 | D:4      | Succumbed to an adder's poison

Skill      XL: |  1  2  3  4  5  6 |
---------------+-------------------+-----
Throwing       | 2 3 |  3.9
Fighting       | 1 2 |  2.6
Maces & Flails | 1 2 3 |  3.1
Dodging        | |  1.5
Spellcasting   | |  1.0
Hexes          | |  2.0

Action                   |  1- 3 |  4- 6 || total
-------------------------+-------+-------++-------
Melee: Unarmed           |   124 |    91 ||   215
Throw: Large rock        |       |    14 ||    14
       Tomahawk          |       |     9 ||     9
       Throwing net      |       |     3 ||     3
  Use: Potion            |       |     1 ||     1
 Stab: Sleeping          |     1 |       ||     1
       Held in net/web   |       |     1 ||     1
  Eat: Chunk             |     5 |    10 ||    15
       Ration            |     1 |     1 ||     2
Armor: Robe              |    81 |    38 ||   119
Dodge: Dodged            |    89 |    75 ||   164
